 Dungeon Crawl Stone Soup version 0.26-a0-393-g67388ea477 (webtiles) character file.

Game seed: 15918236291311596602

16 KristoblXynda the Sneak (level 2, -1/26 HPs)
             Began as a Draconian Delver on July 22, 2020.
             Slain by a centaur (6 damage)
             ... on level 5 of the Dungeon.
             The game lasted 00:01:53 (937 turns).

KristoblXynda the Sneak (Draconian Delver)           Turns: 937, Time: 00:01:53

Health: -1/26      AC:  4    Str: 14    XL:     2   Next: 37%
Magic:  2/2        EV: 12    Int: 10    God:
Gold:   16         SH:  0    Dex: 12    Spells: 1/1 levels left

rFire    . . .     SeeInvis .   a - +0 falchion
rCold    . . .     Faith    .   (no shield)
rNeg     . . .     Spirit   .   (armour unavailable)
rPois    .         Reflect  .   (helmet restricted)
rElec    .         Harm     .   (no cloak)
rCorr    .                      (no gloves)
MR       .....                  (no boots)
Stlth    +++.......             (no amulet)
HPRegen  0.08/turn              (no ring)
MPRegen  0.08/turn              (no ring)

@: no status effects
A: unfitting armour, cold-blooded, AC +4
a: no special abilities


You were on level 5 of the Dungeon.
You visited 1 branch of the dungeon, and saw 2 of its levels.

You collected 16 gold pieces.

Inventory:

Hand Weapons
 a - a +0 falchion (weapon)
Wands
 f - a wand of digging (3)
 h - a wand of clouds (6)
Scrolls
 b - a scroll of fog
 c - a scroll of magic mapping
 d - a scroll of fear
 g - a scroll of remove curse {unknown}
Potions
 e - a potion of haste
 i - a potion of curing {unknown}
 j - a potion of berserk rage {unknown}


   Skills:
 - Level 3.2 Fighting
 * Level 2.6 Long Blades
 + Level 2.0 Dodging
 + Level 4.6 Stealth


You had one spell level left.
You didn't know any spells.
Your spell library was empty.

Dungeon Overview and Level Annotations

Branches:
Dungeon (5/15)
 Temple: D:4-7

Altars:

Annotations:
D:4 Sigmund


Innate Abilities, Weirdness & Mutations

Your plain brown scales are hard. (AC +4)
You cannot fit into any form of body armour.
You are cold-blooded and may be slowed by cold attacks.


Message History

A jackal zombie comes into view.
The helpless jackal zombie fails to defend itself.
You slash the jackal zombie!
You destroy the jackal zombie!
Unknown command.
A centaur comes into view.
The centaur shouts!
The centaur wields a +0 shortbow.
The centaur shoots an arrow.
The arrow hits you.
You see here an arrow.
The centaur shoots an arrow.
The arrow hits you!
You see here an arrow.
The centaur shoots an arrow.
The arrow hits you.
Found 10 gold pieces.
You see here an arrow.
The centaur unwields a +0 shortbow.
The centaur hits you.
* * * LOW HITPOINT WARNING * * *
The centaur closely misses you.
You barely miss the centaur. The centaur hits you.
You die...

..###...######
.............
##.####...######
..............#
########.####.#
#.# #.# #.# #.#
#$##.###########.#
##.##
#.....c@(((......#
#....
.....#############
#..## ### #..#
#.(## #..#. #....
#######....
#<.........
###.######...


You could see a centaur.

Vanquished Creatures
  A shadow imp (D:5)
  A worm (D:5)
  A leopard gecko (D:5)
  A quokka (D:5)
  2 jackal zombies (D:5)
6 creatures vanquished.

Notes
Turn   | Place    | Note
-------+----------+-------------------------------------------
     0 | D:5      | KristoblXynda the Draconian Delver began the quest for the
                  | Orb.
     0 | D:5      | Reached XP level 1. HP: 19/19 MP: 1/1
    82 | D:5      | Noticed a quasit
    83 | D:5      | Noticed a quasit
    83 | D:5      | Noticed a quasit
    83 | D:5      | Noticed a quasit
   460 | D:4      | Noticed Sigmund
   563 | D:5      | Noticed a hound
   597 | D:5      | Reached XP level 2. HP: 12/26 MP: 2/2
   932 | D:5      | Noticed a centaur
   937 | D:5      | Slain by a centaur

Illustrated notes

Levels and vault maps discovered:
D:4:      layout_basic, serial_shops, shop, corexii_leaking_fountain,
          hangedman_decor_riveting, uniq_sigmund
D:5:      cheibrodos_quashed, layout_loops_ring

Skill      XL: |  1 |
---------------+----+-----
Dodging        | 2 |  2.0
Fighting       | |  3.2
Long Blades    | |  2.6
Stealth        | |  4.6

Action                   || total
-------------------------++-------
Melee: Falchion          ||    28
       Tailslap          ||     2
 Stab: Sleeping          ||     3
Armor: Skin              ||     3
Dodge: Dodged            ||     9
       Rpst.: Falchion   ||     2

Table legend: (Time is in decaauts)
 A = Elapsed time spent in this place.
 B = Non-inter-level travel time spent in this place.
 C = Inter-level travel time spent in this place.
 D = Time resting spent in this place.
 E = Time spent auto-exploring this place.
 F = Levels seen in this place.
 G = Mean time per level.
                   A        B        C        D        E       F      G
               +--------+--------+--------+--------+--------+-----+--------+
         Total |    942 |    857 |     85 |    506 |    132 |   2 |  471.0 |
       Dungeon |    942 |    857 |     85 |    506 |    132 |   2 |  471.0 |
               +--------+--------+--------+--------+--------+-----+--------+

Top non-repeatable levels by time:
     D:5: 940 daAuts
     D:4: 1 daAuts
